Workbook

Sheet Orçamento 
G1: BDI | H1: 0.2204
A4: Item | B4: Fonte | C4: Código | D4: Descrição | E4: Unidade | F4: Quantidade | G4: Custo Unitário (sem BDI) (R$) | H4: Preço Unitário (com BDI) (R$) | I4: Preço Total (R$)
A5: PM ALVORADA - MALHA VIÁRIA | I5: =I6+I8 -> 21931503
A6: 1. | D6: Administração Local | I6: =SUBTOTAL(9,I7:I7) -> 764840.88
A7: 1.1.1 | B7: COMPOSIÇÃO | C7: 01 | D7: Administração Local | E7: mês | F7: =IF(C7="",0,Memória!F5) -> 12 | G7: =VLOOKUP(C7,'Lista preços'!$B$4:$E$103,4,FALSE) -> 52226.11 | H7: =ROUND(G7*(1+$H$1),2) -> 63736.74 | I7: =ROUND(H7*F7,2) -> 764840.88
A8: 2. | D8: Obra | I8: =I9+I16+I41+I44 -> 21166662
A9: 2.1. | D9: Fresagem, Demolições E Remoções | I9: =SUBTOTAL(9,I10:I15) -> 1196192
A10: 2.1.1 | B10: COMPOSIÇÃO | C10: 02 | D10: Fresagem De Pavimento Asfáltico (Profundidade Até 5,0cm) -Inclusive, Remoção E Transporte Do Material Dmt Até 10Km | E10: M2 | F10: =IF(C10="",0,Memória!F8) -> 25000 | G10: =VLOOKUP(C10,'Lista preços'!$B$4:$E$103,4,FALSE) -> 9.21 | H10: =ROUND(G10*(1+$H$1),2) -> 11.24 | I10: =ROUND(H10*F10,2) -> 281000
A11: 2.1.2 | B11: COMPOSIÇÃO | C11: 03 | D11: Demolição Parcial De Pavimento Asfáltico, De Forma Mecanizada, Sem Reaproveitamento, Inclusive Carga, Descarga E Transporte Para Bota-Fora Dmt Até 10Km | E11: M2 | F11: =IF(C11="",0,Memória!F9) -> 3000 | G11: =VLOOKUP(C11,'Lista preços'!$B$4:$E$103,4,FALSE) -> 27.76 | H11: =ROUND(G11*(1+$H$1),2) -> 33.88 | I11: =ROUND(H11*F11,2) -> 101640
A12: 2.1.3 | B12: COMPOSIÇÃO | C12: 04 | D12: Demolição De Guias, Sarjetas Ou Sarjetões, De Forma Mecanizada, Sem Reaproveitamento, inclusive Carga, Descarga e Transporte Para Bota-Fora Dmt Até 10Km | E12: M | F12: =IF(C12="",0,Memória!F10) -> 3000 | G12: =VLOOKUP(C12,'Lista preços'!$B$4:$E$103,4,FALSE) -> 35.2 | H12: =ROUND(G12*(1+$H$1),2) -> 42.96 | I12: =ROUND(H12*F12,2) -> 128880
A13: 2.1.4 | B13: COMPOSIÇÃO | C13: 05 | D13: Remoção Piso Intertravado/Paralelepípedos, Inclusive Carga, Descarga E Transporte Para Bota-Fora Dmt Até 10 Km | E13: M2 | F13: =IF(C13="",0,Memória!F11) -> 7000 | G13: =VLOOKUP(C13,'Lista preços'!$B$4:$E$103,4,FALSE) -> 9.4 | H13: =ROUND(G13*(1+$H$1),2) -> 11.47 | I13: =ROUND(H13*F13,2) -> 80290
A14: 2.1.5 | B14: COMPOSIÇÃO | C14: 06 | D14: Escavação Mecanizada De Vala Com Prof. Até 1,5m (Média Montante E Jusante/Uma Composição Por Trecho), Escavadeira (0,8³), Larg. De 1,5m A 2,5m, Em Solo Mole, Em Locais Com Alto Nível De Interferência, Inclusive Carga, Descarga,Espalhamento E Transporte Para Bota-Fora Dmt Até 10Km | E14: M3 | F14: =IF(C14="",0,Memória!F12) -> 7000 | G14: =VLOOKUP(C14,'Lista preços'!$B$4:$E$103,4,FALSE) -> 70.67 | H14: =ROUND(G14*(1+$H$1),2) -> 86.25 | I14: =ROUND(H14*F14,2) -> 603750
A15: 2.1.7 | B15: SINAPI | C15: 98524 | D15: Limpeza Manual De Vegetação Em Terreno Com Enxada. Af_03/2024 | E15: M2 | F15: =IF(C15="",0,Memória!F13) -> 100 | G15: =VLOOKUP(C15,'Lista preços'!$B$4:$E$103,4,FALSE) -> 5.18 | H15: =ROUND(G15*(1+$H$1),2) -> 6.32 | I15: =ROUND(H15*F15,2) -> 632
A16: 2.2 | D16: Pavimentação | I16: =SUBTOTAL(9,I17:I40) -> 8569879.4
A17: 2.2.1 | B17: SINAPI | C17: 100576 | D17: Regularização E Compactação De Subleito De Solo Predominantemente Argiloso, Para Obras De Construção De Pavimentos. Af_09/2024 | E17: M2 | F17: =IF(C17="",0,Memória!F15) -> 10000 | G17: =VLOOKUP(C17,'Lista preços'!$B$4:$E$103,4,FALSE) -> 3.14 | H17: =ROUND(G17*(1+$H$1),2) -> 3.83 | I17: =ROUND(H17*F17,2) -> 38300
A18: 2.2.2 | B18: SINAPI | C18: 105742 | D18: Construção De Base E Sub-Base Para Pavimentação De Rachão, Com Espessura De 30cm - Exclusive Carga E Transporte. Af_09/2024 | E18: M3 | F18: =IF(C18="",0,Memória!F16) -> 3000 | G18: =VLOOKUP(C18,'Lista preços'!$B$4:$E$103,4,FALSE) -> 118.52 | H18: =ROUND(G18*(1+$H$1),2) -> 144.64 | I18: =ROUND(H18*F18,2) -> 433920
A19: 2.2.3 | B19: SINAPI | C19: 100975 | D19: Carga, Manobra E Descarga De Solos E Materiais Granulares Em Caminhão Basculante 14 M³ - Carga Com Pá Carregadeira (Caçamba De 1,7 A 2,8 M³ / 128 Hp) E Descarga Livre (Unidade: M3). Af_07/2020 | E19: M3 | F19: =IF(C19="",0,Memória!F17) -> 3300 | G19: =VLOOKUP(C19,'Lista preços'!$B$4:$E$103,4,FALSE) -> 9.38 | H19: =ROUND(G19*(1+$H$1),2) -> 11.45 | I19: =ROUND(H19*F19,2) -> 37785
A20: 2.2.4 | B20: SINAPI | C20: 95878 | D20: Transporte Com Caminhão Basculante De 10 M³, Em Via Urbana Pavimentada, Dmt Até 30 Km (Unidade: Txkm). Af_07/2020 | E20: TxKM | F20: =IF(C20="",0,Memória!F18) -> 148500 | G20: =VLOOKUP(C20,'Lista preços'!$B$4:$E$103,4,FALSE) -> 1.8 | H20: =ROUND(G20*(1+$H$1),2) -> 2.2 | I20: =ROUND(H20*F20,2) -> 326700
A21: 2.2.5 | B21: SINAPI | C21: 105754 | D21: Construção De Base E Sub-Base Para Pavimentação De Macadame Seco, Com Espessura De 25 cm - Exclusive Carga E Transporte. Af_09/2024 | E21: M3 | F21: =IF(C21="",0,Memória!F19) -> 2500 | G21: =VLOOKUP(C21,'Lista preços'!$B$4:$E$103,4,FALSE) -> 150.49 | H21: =ROUND(G21*(1+$H$1),2) -> 183.66 | I21: =ROUND(H21*F21,2) -> 459150
A22: 2.2.6 | B22: SINAPI | C22: 100975 | D22: Carga, Manobra E Descarga De Solos E Materiais Granulares Em Caminhão Basculante 14 M³ - Carga Com Pá Carregadeira (Caçamba De 1,7 A 2,8 M³ / 128 Hp) E Descarga Livre (Unidade: M3). Af_07/2020 | E22: M3 | F22: =IF(C22="",0,Memória!F20) -> 3000 | G22: =VLOOKUP(C22,'Lista preços'!$B$4:$E$103,4,FALSE) -> 9.38 | H22: =ROUND(G22*(1+$H$1),2) -> 11.45 | I22: =ROUND(H22*F22,2) -> 34350
A23: 2.2.7 | B23: SINAPI | C23: 95878 | D23: Transporte Com Caminhão Basculante De 10 M³, Em Via Urbana Pavimentada, Dmt Até 30 Km (Unidade: Txkm). Af_07/2020 | E23: TxKM | F23: =IF(C23="",0,Memória!F21) -> 120000 | G23: =VLOOKUP(C23,'Lista preços'!$B$4:$E$103,4,FALSE) -> 1.8 | H23: =ROUND(G23*(1+$H$1),2) -> 2.2 | I23: =ROUND(H23*F23,2) -> 264000
A24: 2.2.8 | B24: COMPOSIÇÃO | C24: 07 | D24: Camada De Bloqueio Com Pó De Pedra E=3 cm Inclusive Compactacao | E24: M3 | F24: =IF(C24="",0,Memória!F22) -> 300 | G24: =VLOOKUP(C24,'Lista preços'!$B$4:$E$103,4,FALSE) -> 167.15 | H24: =ROUND(G24*(1+$H$1),2) -> 203.99 | I24: =ROUND(H24*F24,2) -> 61197
A25: 2.2.9 | B25: SINAPI | C25: 100975 | D25: Carga, Manobra E Descarga De Solos E Materiais Granulares Em Caminhão Basculante 14 M³ - Carga Com Pá Carregadeira (Caçamba De 1,7 A 2,8 M³ / 128 Hp) E Descarga Livre (Unidade: M3). Af_07/2020 | E25: M3 | F25: =IF(C25="",0,Memória!F23) -> 330 | G25: =VLOOKUP(C25,'Lista preços'!$B$4:$E$103,4,FALSE) -> 9.38 | H25: =ROUND(G25*(1+$H$1),2) -> 11.45 | I25: =ROUND(H25*F25,2) -> 3778.5
A26: 2.2.10 | B26: SINAPI | C26: 95878 | D26: Transporte Com Caminhão Basculante De 10 M³, Em Via Urbana Pavimentada, Dmt Até 30 Km (Unidade: Txkm). Af_07/2020 | E26: TxKM | F26: =IF(C26="",0,Memória!F24) -> 17226 | G26: =VLOOKUP(C26,'Lista preços'!$B$4:$E$103,4,FALSE) -> 1.8 | H26: =ROUND(G26*(1+$H$1),2) -> 2.2 | I26: =ROUND(H26*F26,2) -> 37897.2
A27: 2.2.11 | B27: SINAPI | C27: 96396 | D27: Construção De Base E Sub-Base Para Pavimentação De Brita Graduada Simples, Com Espessura De 15 cm - Exclusive Carga E Transporte. Af_09/2024 | E27: M3 | F27: =IF(C27="",0,Memória!F25) -> 1500 | G27: =VLOOKUP(C27,'Lista preços'!$B$4:$E$103,4,FALSE) -> 169.39 | H27: =ROUND(G27*(1+$H$1),2) -> 206.72 | I27: =ROUND(H27*F27,2) -> 310080
A28: 2.2.12 | B28: SINAPI | C28: 100975 | D28: Carga, Manobra E Descarga De Solos E Materiais Granulares Em Caminhão Basculante 14 M³ - Carga Com Pá Carregadeira (Caçamba De 1,7 A 2,8 M³ / 128 Hp) E Descarga Livre (Unidade: M3). Af_07/2020 | E28: M3 | F28: =IF(C28="",0,Memória!F26) -> 2250 | G28: =VLOOKUP(C28,'Lista preços'!$B$4:$E$103,4,FALSE) -> 9.38 | H28: =ROUND(G28*(1+$H$1),2) -> 11.45 | I28: =ROUND(H28*F28,2) -> 25762.5
... A40: 2.2.24 | B40: SINAPI | C40: 94273 | D40: Assentamento De Guia (Meio-Fio) Em Trecho Reto, Confeccionada Em Concreto Pré-Fabricado, Dimensões 100X15X13X30 Cm (Comprimento X Base Inferior X Base Superior X Altura). Af_01/2024 | E40: M | F40: =IF(C40="",0,Memória!F38) -> 2000 | G40: =VLOOKUP(C40,'Lista preços'!$B$4:$E$103,4,FALSE) -> 50.87 | H40: =ROUND(G40*(1+$H$1),2) -> 62.08 | I40: =ROUND(H40*F40,2) -> 124160
A41: 2.3 | D41: Execução de Tapa Buraco | I41: =SUBTOTAL(9,I42:I43) -> 9984390.6
A42: 2.3.1 | B42: COMPOSIÇÃO | C42: 10 | D42: Execução De Tapa Buraco Com Aplicação De Concreto Asfáltico (Sem Fornecimento) E Pintura De Ligação, Transporte Em Caminhão Térmico | E42: M3 | F42: =IF(C42="",0,Memória!F40) -> 3040 | G42: =VLOOKUP(C42,'Lista preços'!$B$4:$E$103,4,FALSE) -> 619.31 | H42: =ROUND(G42*(1+$H$1),2) -> 755.81 | I42: =ROUND(H42*F42,2) -> 2297662.4
A43: 2.3.2 | B43: SINAPI-I | C43: 1518 | D43: Fornecimento de Concreto Betuminoso Usinado A Quente (Cbuq) Para Pavimentacao Asfaltica, Padrao Dnit, Faixa C, Com Cap 50/70 - Aquisicao Posto Usina | E43: T | F43: =IF(C43="",0,Memória!F41) -> 7752 | G43: =VLOOKUP(C43,'Lista preços'!$B$4:$E$103,4,FALSE) -> 812.5 | H43: =ROUND(G43*(1+$H$1),2) -> 991.58 | I43: =ROUND(H43*F43,2) -> 7686728.2
A44: 2.4 | D44: Limpeza E Desobstrução Por Hidrojateamento Mecanizada | I44: =SUBTOTAL(9,I45:I47) -> 1416200
A45: 2.4.1 | B45: SICRO | C45: 4915633 | D45: Limpeza E Desobstrução Mecanizada De Bueiros Com Diâmetro De Até 1,00 M | E45: M | F45: =Memória!F43 -> 10000 | G45: =VLOOKUP(C45,'Lista preços'!$B$4:$E$103,4,FALSE) -> 23.69 | H45: =ROUND(G45*(1+$H$1),2) -> 28.91 | I45: =ROUND(H45*F45,2) -> 289100
A46: 2.4.2 | B46: SICRO | C46: 4915634 | D46: Limpeza E Desobstrução Mecanizada De Bueiros Com Diâmetro Acima De 1,00 Até 1,50 M | E46: M | F46: 5000 | G46: =VLOOKUP(C46,'Lista preços'!$B$4:$E$103,4,FALSE) -> 71.83 | H46: =ROUND(G46*(1+$H$1),2) -> 87.66 | I46: =ROUND(H46*F46,2) -> 438300
A47: 2.4.3 | B47: COTAÇÃO | C47: COT 03 | D47: Execução De Inspeção Visual Robotizada Das Rede De Drenagem Com Sistema De Vídeo | E47: M | F47: 20000 | G47: =VLOOKUP(C47,'Lista preços'!$B$4:$E$103,4,FALSE) -> 28.22 | H47: =ROUND(G47*(1+$H$1),2) -> 34.44 | I47: =ROUND(H47*F47,2) -> 688800
A48: SINAPI e ANP: 09/2025 SICRO: 07/2025

Sheet Memória
A1: Item | B1: Fonte | C1: Código | D1: Descrição | E1: Unidade | F1: Quant. | G1: Memória | J1: preencher
D2: {='Orçamento '!A5:D5} -> PM ALVORADA - MALHA VIÁRIA | E2: 0 | F2: 0 | G2: 0
A3: 1. | D3: Administração Local | I3: ='Orçamento '!I5 -> 21931503
A4: 1.1. | D4: Administração Local
A5: 1.1.1 | B5: COMPOSIÇÃO | C5: 01 | D5: ='Orçamento '!D7 -> Administração Local | E5: mês | F5: =J5 -> 12 | G5: Tempo de obras | I5: Tempo de obra (mês) | J5: 12
A6: 2. | D6: Obra
A7: 2.1. | D7: Fresagem, Demolições E Remoções
A8: 2.1.1 | B8: COMPOSIÇÃO | C8: 02 | D8: ='Orçamento '!D10 -> Fresagem De Pavimento Asfáltico (Profundidade Até 5,0cm) -Inclusive, Remoção E Transporte Do Material Dmt Até 10Km | E8: M2 | F8: =J8 -> 25000 | G8: Área total de fresagem | I8: Área fresagem | J8: 25000 | K8: Esp. fresagem: | L8: 0.05 | M8: Empolamento mat fresado: | N8: 1.1
A9: 2.1.2 | B9: COMPOSIÇÃO | C9: 03 | D9: ='Orçamento '!D11 -> Demolição Parcial De Pavimento Asfáltico, De Forma Mecanizada, Sem Reaproveitamento, Inclusive Carga, Descarga E Transporte Para Bota-Fora Dmt Até 10Km | E9: M2 | F9: =J9 -> 3000 | G9: Área total de demolição | I9: Área demolicação asfalto | J9: 3000 | K9: Esp. demolição: | L9: 0.05 | M9: Empolamento mat fresado: | N9: 1.5
A10: 2.1.3 | B10: COMPOSIÇÃO | C10: 04 | D10: ='Orçamento '!D12 -> Demolição De Guias, Sarjetas Ou Sarjetões, De Forma Mecanizada, Sem Reaproveitamento, inclusive Carga, Descarga e Transporte Para Bota-Fora Dmt Até 10Km | E10: M | F10: =J10 -> 3000 | G10: Metragem total de demolição | I10: Metragem demolição guia | J10: 3000 | K10: Esp. demolição: | L10: 0.3 | M10: Empolamento demolição: | N10: 1.5
A11: 2.1.4 | B11: COMPOSIÇÃO | C11: 05 | D11: ='Orçamento '!D13 -> Remoção Piso Intertravado/Paralelepípedos, Inclusive Carga, Descarga E Transporte Para Bota-Fora Dmt Até 10 Km | E11: M2 | F11: =J11 -> 7000 | G11: Área total de demolição | I11: Área demolição piso | J11: 7000 | K11: Esp. demolição: | L11: 0.08 | M11: Empolamento demolição: | N11: 1.5
A12: 2.1.5 | B12: COMPOSIÇÃO | C12: 06 | D12: ='Orçamento '!D14 -> Escavação Mecanizada De Vala Com Prof. Até 1,5m (Média Montante E Jusante/Uma Composição Por Trecho), Escavadeira (0,8³), Larg. De 1,5m A 2,5m, Em Solo Mole, Em Locais Com Alto Nível De Interferência, Inclusive Carga, Descarga,Espalhamento E Transporte Para Bota-Fora Dmt Até 10Km | E12: M3 | F12: =J12*L12 -> 7000 | G12: Volume total de escavação | I12: Área escavação | J12: =J9+J11 -> 10000 | K12: Esp. escavação: | L12: =J17+J16+J18 -> 0.7 | M12: Empolamento escavação: | N12: 1.35
A13: 2.1.6 | B13: SINAPI | C13: 98524 | D13: ='Orçamento '!D15 -> Limpeza Manual De Vegetação Em Terreno Com Enxada. Af_03/2024 | E13: M2 | F13: =1000*0.1 -> 100 | G13: Área de limpeza manual
A14: 2.2 | D14: Pavimentação
A15: 2.2.1 | B15: SINAPI | C15: 100576 | D15: Regularização E Compactação De Subleito De Solo Predominantemente Argiloso, Para Obras De Construção De Pavimentos. Af_09/2024 | E15: m2 | F15: =J15 -> 10000 | G15: Área de regularização | I15: Área de regularização | J15: =J12 -> 10000
A16: 2.2.2 | B16: SINAPI | C16: 105742 | D16: Construção De Base E Sub-Base Para Pavimentação De Rachão, Com Espessura De 30 Cm - Exclusive Carga E Transporte. Af_09/2024 | E16: m3 | F16: =J15*J16 -> 3000 | G16: Área de regularização x espessura | I16: H rachão: | J16: 0.3 | K16: Empolamento macadame: | L16: 1.1 | M16: Peso específico: | N16: 1.5
A17: 2.2.3 | B17: SINAPI | C17: 100975 | D17: Carga, Manobra E Descarga De Solos E Materiais Granulares Em Caminhão Basculante 14 M³ - Carga Com Pá Carregadeira (Caçamba De 1,7 A 2,8 M³ / 128 Hp) E Descarga Livre (Unidade: M3). Af_07/2020 | E17: m3 | F17: =F16*L16 -> 3300 | G17: Área de regularização x espessura x empolamento | I17: H macadame: | J17: =0.25 -> 0.25 | K17: Empolamento macadame: | L17: 1.2 | M17: Peso específico: | N17: 1.6
A18: 2.2.4 | B18: SINAPI | C18: 95878 | D18: Transporte Com Caminhão Basculante De 10 M³, Em Via Urbana Pavimentada, Dmt Até 30 Km (Unidade: Txkm). Af_07/2020 | E18: txkm | F18: =(F17)*N16*J20 -> 148500 | G18: Área de regularização x espessura x empolamento x peso específico x DMT pedreira | I18: H base: | J18: 0.15 | K18: Empolamento base: | L18: 1.5 | M18: Peso específico: | N18: 1.815
A19: 2.2.5 | B19: SINAPI | C19: 105754 | D19: Construção De Base E Sub-Base Para Pavimentação De Macadame Seco, Com Espessura De 25 Cm - Exclusive Carga E Transporte. Af_09/2024 | E19: m3 | F19: =J15*J17 -> 2500 | G19: Área de regularização x espessura | I19: H pó: | J19: 0.03 | K19: Empolamento pó: | L19: 1.1 | M19: Peso específico: | N19: 1.74
A20: 2.2.6 | B20: SINAPI | C20: 100975 | D20: Carga, Manobra E Descarga De Solos E Materiais Granulares Em Caminhão Basculante 14 M³ - Carga Com Pá Carregadeira (Caçamba De 1,7 A 2,8 M³ / 128 Hp) E Descarga Livre (Unidade: M3). Af_07/2020 | E20: m3 | F20: =F19*L17 -> 3000 | G20: Área de regularização x espessura x empolamento | I20: DMT britados: | J20: 30
A21: 2.2.7 | B21: SINAPI | C21: 95878 | D21: Transporte Com Caminhão Basculante De 10 M³, Em Via Urbana Pavimentada, Dmt Até 30 Km (Unidade: Txkm). Af_07/2020 | E21: txkm | F21: =F20*N17*J20/L17 -> 120000 | G21: Área de regularização x espessura x empolamento x peso específico x DMT pedreira
A22: 2.2.8 | B22: COMPOSIÇÃO | C22: 07 | D22: Camada De Bloqueio Com Pó De Pedra E=3 Cm Inclusive Compactacao | E22: M3 | F22: =J15*J19 -> 300 | G22: Área de regularização x espessura
A23: 2.2.9 | B23: SINAPI | C23: 100975 | D23: Carga, Manobra E Descarga De Solos E Materiais Granulares Em Caminhão Basculante 14 M³ - Carga Com Pá Carregadeira (Caçamba De 1,7 A 2,8 M³ / 128 Hp) E Descarga Livre (Unidade: M3). Af_07/2020 | E23: M3 | F23: =F22*L19 -> 330 | G23: Área de regularização x espessura x empolamento
A24: 2.2.10 | B24: SINAPI | C24: 95878 | D24: Transporte Com Caminhão Basculante De 10 M³, Em Via Urbana Pavimentada, Dmt Até 30 Km (Unidade: Txkm). Af_07/2020 | E24: TXKM | F24: =F23*N19*J20 -> 17226 | G24: Área de regularização x espessura x empolamento x peso específico x DMT pedreira
A25: 2.2.11 | B25: SINAPI | C25: 96396 | D25: Construção De Base E Sub-Base Para Pavimentação De Brita Graduada Simples, Com Espessura De 15 Cm - Exclusive Carga E Transporte. Af_09/2024 | E25: m3 | F25: =J15*J18 -> 1500 | G25: Área de regularização x espessura
A26: 2.2.12 | B26: SINAPI | C26: 100975 | D26: Carga, Manobra E Descarga De Solos E Materiais Granulares Em Caminhão Basculante 14 M³ - Carga Com Pá Carregadeira (Caçamba De 1,7 A 2,8 M³ / 128 Hp) E Descarga Livre (Unidade: M3). Af_07/2020 | E26: m3 | F26: =F25*L18 -> 2250 | G26: Área de regularização x espessura x empolamento
A27: 2.2.13 | B27: SINAPI | C27: 95878 | D27: Transporte Com Caminhão Basculante De 10 M³, Em Via Urbana Pavimentada, Dmt Até 30 Km (Unidade: Txkm). Af_07/2020 | E27: txkm | F27: =F26*N18*J20 -> 122512.5 | G27: Área de regularização x espessura x empolamento x DMT pedreira | I27: Área de Imprimação | J27: =J15-J33 -> 7900
A28: 2.2.14 | B28: COMPOSIÇÃO | C28: 08 | D28: Execução De Imprimação Com Asfalto Diluído Cm-30 (Sinapi 105756) | E28: m² | F28: =J27 -> 7900 | G28: Área de imprimação | I28: Área de pintura | J28: =J15+J8-J33 -> 32900
A29: 2.2.15 | B29: COMPOSIÇÃO | C29: 09 | D29: Pintura De Ligação Com Emulsão Asfáltica Rr-2C (Sinapi 105757) | E29: m² | F29: =J28 -> 32900 | G29: Área de pintura de ligação | I29: Área de pavimentação | J29: =J28 -> 32900 | K29: Esp. CBUQ | L29: 0.06
A30: 2.2.16 | B30: SINAPI | C30: 95995 | D30: Execução De Pavimento Com Aplicação De Concreto Asfáltico, Camada De Rolamento - Exclusive Carga E Transporte. Af_11/2019 | E30: m3 | F30: =J29*L29 -> 1974 | G30: Volume total de cbuq | I30: Empolamento CBUQ: | J30: 1.1 | K30: Teor de CAP: | L30: 0.055
A31: 2.2.17 | B31: SINAPI | C31: 100975 | D31: Carga, Manobra E Descarga De Solos E Materiais Granulares Em Caminhão Basculante 14 M³ - Carga Com Pá Carregadeira (Caçamba De 1,7 A 2,8 M³ / 128 Hp) E Descarga Livre (Unidade: M3). Af_07/2020 | E31: m3 | F31: =F30*J30 -> 2171.4 | G31: Volume cbuq x empolamento | I31: Peso específico compac: | J31: 2.55 | K31: DMT CAP: | L31: 30
A32: 2.2.18 | B32: SINAPI | C32: 95878 | D32: Transporte Com Caminhão Basculante De 10 M³, Em Via Urbana Pavimentada, Dmt Até 30 Km (Unidade: Txkm). Af_07/2020 | E32: txkm | F32: =F31*J31*J32 -> 166112.1 | G32: Volume cbuq x Peso específico x empolamento DMT | I32: DMT CBUQ: | J32: 30
A33: 2.2.19 | B33: SINAPI | C33: 92404 | D33: Execução De Pavimento Em Piso Intertravado, Com Bloco 16 Faces De 22 X 11 Cm, Espessura 8 Cm. Af_10/2022 | E33: m2 | F33: =J33 -> 2100 | G33: Área de pavimentaçãocom piso | I33: Área de pavimentaçãocom piso | J33: =300*7 -> 2100
A34: 2.2.20 | B34: SINAPI | C34: 100975 | D34: Carga, Manobra E Descarga De Solos E Materiais Granulares Em Caminhão Basculante 14 M³ - Carga Com Pá Carregadeira (Caçamba De 1,7 A 2,8 M³ / 128 Hp) E Descarga Livre (Unidade: M3). Af_07/2020 | E34: m3 | F34: =J33*J34 -> 20.58 | G34: Área de piso x qnt de pó de pedra por m2 | I34: qnt pó por m2 (composição) | J34: 0.0098 | M34: Peso específico: | N34: 1.74
A35: 2.2.21 | B35: SINAPI | C35: 95878 | D35: Transporte Com Caminhão Basculante De 10 M³, Em Via Urbana Pavimentada, Dmt Até 30 Km (Unidade: Txkm). Af_07/2020 | E35: txkm | F35: =F34*N34*J35 -> 1074.276 | G35: Área de piso x qnt de pó de pedra por m2 x peso específico x DMT pedreira | I35: DMT britados: | J35: 30
A36: 2.2.22 | B36: SINAPI | C36: 100975 | D36: Carga, Manobra E Descarga De Solos E Materiais Granulares Em Caminhão Basculante 14 M³ - Carga Com Pá Carregadeira (Caçamba De 1,7 A 2,8 M³ / 128 Hp) E Descarga Livre (Unidade: M3). Af_07/2020 | E36: m3 | F36: =J33*J36 -> 119.28 | G36: Área de piso x qnt de areia por m2 | I36: qnt areia por m2 (composição) | J36: 0.0568 | L36: 1.3 | M36: Peso específico: | N36: 1.6
A37: 2.2.23 | B37: SINAPI | C37: 95878 | D37: Transporte Com Caminhão Basculante De 10 M³, Em Via Urbana Pavimentada, Dmt Até 30 Km (Unidade: Txkm). Af_07/2020 | E37: txkm | F37: =F36*N36*J37 -> 5725.44 | G37: Área de piso x qnt de pó de pedra por m2 x peso específico x DMT pedreira | I37: DMT areia: | J37: 30
A38: 2.2.24 | B38: SINAPI | C38: 94273 | D38: Assentamento De Guia (Meio-Fio) Em Trecho Reto, Confeccionada Em Concreto Pré-Fabricado, Dimensões 100X15X13X30 Cm (Comprimento X Base Inferior X Base Superior X Altura). Af_01/2024 | E38: m | F38: =J38 -> 2000 | G38: Metragem total de meio fio | I38: Metragem total de meio fio | J38: 2000
A39: 2.3 | D39: Execução de Tapa Buraco
A40: 2.3.1 | B40: COMPOSIÇÃO | C40: 10 | D40: Execução De Tapa Buraco Com Aplicação De Concreto Asfáltico (Sem Fornecimento) E Pintura De Ligação, Transporte Em Caminhão Térmico | E40: m3 | F40: =J40*L40 -> 3040 | G40: Volume tapa buraco | I40: Área de pavimentação | J40: 38000 | K40: Esp. CBUQ | L40: 0.08 | N40: =F40/L40 -> 38000
A41: 2.3.2 | B41: SINAPI-I | C41: 1518 | D41: Concreto Betuminoso Usinado A Quente (Cbuq) Para Pavimentacao Asfaltica, Padrao Dnit, Faixa C, Com Cap 50/70 - Aquisicao Posto Usina | E41: t | F41: =F40*L41 -> 7752 | G41: Volume x peso especif. | I41: Empolamento CBUQ: | J41: 1.1 | K41: Peso específico compac: | L41: 2.55
A42: 2.4 | D42: Limpeza E Desobstrução Por Hidrojateamento Mecanizada
A43: 2.4.1 | B43: SICRO | C43: 4915633 | D43: Limpeza E Desobstrução Mecanizada De Bueiros Com Diâmetro De Até 1,00 M | E43: m | F43: =J43 -> 10000 | G43: =I43 -> Estimativa | I43: Estimativa | J43: 10000
A44: 2.4.2 | B44: SICRO | C44: 4915634 | D44: Limpeza E Desobstrução Mecanizada De Bueiros Com Diâmetro Acima De 1,00 Até 1,50 M | E44: M | F44: =J44 -> 3000 | G44: =I43 -> Estimativa | I44: Estimativa | J44: 3000
A45: 2.4.3 | B45: COTAÇÃO | C45: COT 03 | D45: Execução De Inspeção Visual Robotizada Das Rede De Drenagem Com Sistema De Vídeo | E45: m | F45: =F44+F43 -> 13000 | G45: Soma das extensões de hidrojateamento

Sheet Composições
F1: CUSTO UNIT | G1: CUSTO TOTAL
A2: FONTE | B2: CÓDIGO | C2: DESCRIÇÃO | D2: UNIDADE | E2: COEFIC. | F2: NÃO DESONER. | G2: NÃO DESONER.
A3: COMPOSIÇÃO | B3: 01 | C3: Administração Local | D3: MÊS | G3: =SUM(G4:G9) -> 52226.11
A4: SINAPI | B4: 93567 | C4: =VLOOKUP(B4,'Lista preços'!$B$4:$E$100,2,FALSE) -> Engenheiro Civil De Obra Pleno Com Encargos Complementares | D4: =VLOOKUP(B4,'Lista preços'!$B$4:$E$100,3,FALSE) -> mês | E4: 0.5 | F4: =VLOOKUP(B4,'Lista preços'!$B$4:$E$100,4,FALSE) -> 23805.45 | G4: =TRUNC(E4*F4,2) -> 11902.72
A5: SINAPI | B5: 94295 | C5: =VLOOKUP(B5,'Lista preços'!$B$4:$E$100,2,FALSE) -> Mestre De Obras Com Encargos Complementares | D5: =VLOOKUP(B5,'Lista preços'!$B$4:$E$100,3,FALSE) -> mês | E5: 1 | F5: =VLOOKUP(B5,'Lista preços'!$B$4:$E$100,4,FALSE) -> 21786.74 | G5: =TRUNC(E5*F5,2) -> 21786.74
A6: SINAPI | B6: 94296 | C6: =VLOOKUP(B6,'Lista preços'!$B$4:$E$100,2,FALSE) -> Topografo Com Encargos Complementares | D6: =VLOOKUP(B6,'Lista preços'!$B$4:$E$100,3,FALSE) -> mês | E6: 0.5 | F6: =VLOOKUP(B6,'Lista preços'!$B$4:$E$100,4,FALSE) -> 7936.87 | G6: =TRUNC(E6*F6,2) -> 3968.43
A7: SINAPI | B7: 101389 | C7: =VLOOKUP(B7,'Lista preços'!$B$4:$E$100,2,FALSE) -> Auxiliar De Topógrafo Com Encargos Complementares | D7: =VLOOKUP(B7,'Lista preços'!$B$4:$E$100,3,FALSE) -> mês | E7: 0.5 | F7: =VLOOKUP(B7,'Lista preços'!$B$4:$E$100,4,FALSE) -> 3810.97 | G7: =TRUNC(E7*F7,2) -> 1905.48
A8: SICRO | B8: E9512 | C8: =VLOOKUP(B8,'Lista preços'!$B$4:$E$100,2,FALSE) -> Veículo Leve -53 Kw | D8: =VLOOKUP(B8,'Lista preços'!$B$4:$E$100,3,FALSE) -> h | E8: 190 | F8: =VLOOKUP(B8,'Lista preços'!$B$4:$E$100,4,FALSE) -> 66.646 | G8: =TRUNC(E8*F8,2) -> 12662.74
A11: COMPOSIÇÃO | B11: 02 | C11: Fresagem De Pavimento Asfáltico (Profundidade Até 5,0 Cm) -Inclusive, Remoção, Espalhamento e Transporte Do Material DMT até 10km | D11: M2 | G11: =SUM(G12:G14) -> 9.21
A12: SINAPI | B12: 96001 | C12: =VLOOKUP(B12,'Lista preços'!$B$4:$E$100,2,FALSE) -> Fresagem De Pavimento Asfáltico (Profundidade Até 5,0 Cm) - Exclusive Transporte. Af_11/2019 | D12: M2 | E12: 1 | F12: =VLOOKUP(B12,'Lista preços'!$B$4:$E$100,4,FALSE) -> 7.44 | G12: =TRUNC(E12*F12,2) -> 7.44
A13: SINAPI | B13: 97914 | C13: =VLOOKUP(B13,'Lista preços'!$B$4:$E$100,2,FALSE) -> Transporte Com Caminhão Basculante De 6 M³, Em Via Urbana Pavimentada, Dmt Até 30 Km (Unidade: M³xKm). Af_07/2020 | D13: M3xKM | E13: =E12*0.05*1.1*10 -> 0.55 | F13: =VLOOKUP(B13,'Lista preços'!$B$4:$E$100,4,FALSE) -> 3.23 | G13: =TRUNC(E13*F13,2) -> 1.77
A16: COMPOSIÇÃO | B16: 03 | C16: Demolição Parcial De Pavimento Asfáltico, De Forma Mecanizada, Sem Reaproveitamento, Inclusive Carga, Descarga e Transporte Para Bota-fora DMT até 10km | D16: M2 | G16: =SUM(G17:G20) -> 27.76
A17: SINAPI | B17: 97636 | C17: =VLOOKUP(B17,'Lista preços'!$B$4:$E$100,2,FALSE) -> Demolição Parcial De Pavimento Asfáltico, De Forma Mecanizada, Sem Reaproveitamento. Af_09/2023 | D17: =VLOOKUP(B17,'Lista preços'!$B$4:$E$100,3,FALSE) -> m2 | E17: 1 | F17: =VLOOKUP(B17,'Lista preços'!$B$4:$E$100,4,FALSE) -> 24.61 | G17: =TRUNC(E17*F17,2) -> 24.61
A18: SINAPI | B18: 100983 | C18: =VLOOKUP(B18,'Lista preços'!$B$4:$E$100,2,FALSE) -> Carga, Manobra E Descarga De Entulho Em Caminhão Basculante 14 M³ - Carga Com Escavadeira Hidráulica (Caçamba De 0,80 M³ / 111 Hp) E Descarga Livre (Unidade: M3). Af_07/2020 | D18: =VLOOKUP(B18,'Lista preços'!$B$4:$E$100,3,FALSE) -> m3 | E18: =E17*0.05*1.5 -> 0.075 | F18: =VLOOKUP(B18,'Lista preços'!$B$4:$E$100,4,FALSE) -> 9.83 | G18: =TRUNC(E18*F18,2) -> 0.73
A19: SINAPI | B19: 97914 | C19: =VLOOKUP(B19,'Lista preços'!$B$4:$E$100,2,FALSE) -> Transporte Com Caminhão Basculante De 6 M³, Em Via Urbana Pavimentada, Dmt Até 30 Km (Unidade: M³xKm). Af_07/2020 | D19: =VLOOKUP(B19,'Lista preços'!$B$4:$E$100,3,FALSE) -> m3xkm | E19: =E18*10 -> 0.75 | F19: =VLOOKUP(B19,'Lista preços'!$B$4:$E$100,4,FALSE) -> 3.23 | G19: =TRUNC(E19*F19,2) -> 2.42
A22: COMPOSIÇÃO | B22: 04 | C22: Demolição De Guias, Sarjetas Ou Sarjetões, De Forma Mecanizada, Sem Reaproveitamento, inclusive Carga, Descarga e Transporte Para Bota-Fora Dmt Até 10Km | D22: m | G22: =SUM(G23:G26) -> 35.2
A23: SINAPI | B23: 104796 | C23: =VLOOKUP(B23,'Lista preços'!$B$4:$E$100,2,FALSE) -> Demolição De Guias, Sarjetas Ou Sarjetões, De Forma Mecanizada, Sem Reaproveitamento. Af_09/2023 | D23: =VLOOKUP(B23,'Lista preços'!$B$4:$E$100,3,FALSE) -> m | E23: 1 | F23: =VLOOKUP(B23,'Lista preços'!$B$4:$E$100,4,FALSE) -> 16.25 | G23: =TRUNC(E23*F23,2) -> 16.25
A24: SINAPI | B24: 100983 | C24: =VLOOKUP(B24,'Lista preços'!$B$4:$E$100,2,FALSE) -> Carga, Manobra E Descarga De Entulho Em Caminhão Basculante 14 M³ - Carga Com Escavadeira Hidráulica (Caçamba De 0,80 M³ / 111 Hp) E Descarga Livre (Unidade: M3). Af_07/2020 | D24: =VLOOKUP(B24,'Lista preços'!$B$4:$E$100,3,FALSE) -> m3 | E24: =E23*0.3*1.5 -> 0.45 | F24: =VLOOKUP(B24,'Lista preços'!$B$4:$E$100,4,FALSE) -> 9.83 | G24: =TRUNC(E24*F24,2) -> 4.42
A25: SINAPI | B25: 97914 | C25: =VLOOKUP(B25,'Lista preços'!$B$4:$E$100,2,FALSE) -> Transporte Com Caminhão Basculante De 6 M³, Em Via Urbana Pavimentada, Dmt Até 30 Km (Unidade: M³xKm). Af_07/2020 | D25: =VLOOKUP(B25,'Lista preços'!$B$4:$E$100,3,FALSE) -> m3xkm | E25: =E24*10 -> 4.5 | F25: =VLOOKUP(B25,'Lista preços'!$B$4:$E$100,4,FALSE) -> 3.23 | G25: =TRUNC(E25*F25,2) -> 14.53
A28: COMPOSIÇÃO | B28: 05 | C28: Remoção Piso Intertravado/Paralelepípedos, Inclusive carga, descarga e transporte para bota-fora DMT até 10 km | D28: m2 | G28: =SUM(G29:G32) -> 9.4
A29: SICRO | B29: 1600441 | C29: =VLOOKUP(B29,'Lista preços'!$B$4:$E$100,2,FALSE) -> Remoção Piso Intertravado/Paralelepípedos | D29: =VLOOKUP(B29,'Lista preços'!$B$4:$E$100,3,FALSE) -> m2 | E29: 1 | F29: =VLOOKUP(B29,'Lista preços'!$B$4:$E$100,4,FALSE) -> 4.36 | G29: =TRUNC(E29*F29,2) -> 4.36
A30: SINAPI | B30: 100983 | C30: =VLOOKUP(B30,'Lista preços'!$B$4:$E$100,2,FALSE) -> Carga, Manobra E Descarga De Entulho Em Caminhão Basculante 14 M³ - Carga Com Escavadeira Hidráulica (Caçamba De 0,80 M³ / 111 Hp) E Descarga Livre (Unidade: M3). Af_07/2020 | D30: =VLOOKUP(B30,'Lista preços'!$B$4:$E$100,3,FALSE) -> m3 | E30: =E29*0.08*1.5 -> 0.12 | F30: =VLOOKUP(B30,'Lista preços'!$B$4:$E$100,4,FALSE) -> 9.83 | G30: =TRUNC(E30*F30,2) -> 1.17
A31: SINAPI | B31: 97914 | C31: =VLOOKUP(B31,'Lista preços'!$B$4:$E$100,2,FALSE) -> Transporte Com Caminhão Basculante De 6 M³, Em Via Urbana Pavimentada, Dmt Até 30 Km (Unidade: M³xKm). Af_07/2020 | D31: =VLOOKUP(B31,'Lista preços'!$B$4:$E$100,3,FALSE) -> m3xkm | E31: =E30*10 -> 1.2 | F31: =VLOOKUP(B31,'Lista preços'!$B$4:$E$100,4,FALSE) -> 3.23 | G31: =TRUNC(E31*F31,2) -> 3.87
A34: COMPOSIÇÃO | B34: 06 | C34: Escavação Mecanizada De Vala Com Prof. Até 1,5 M (Média Montante E Jusante/Uma Composição Por Trecho), Escavadeira (0,8 M3), Larg. De 1,5 M A 2,5 M, Em Solo Mole, Em Locais Com Alto Nível De Interferência, inclusive carga, descarga,espalhamento e transporte para bota-fora DMT até 10km | D34: m3 | G34: =SUM(G35:G38) -> 70.67
A35: SINAPI | B35: 102283 | C35: =VLOOKUP(B35,'Lista preços'!$B$4:$E$100,2,FALSE) -> Escavação Mecanizada De Vala Com Prof. Até 1,5 M (Média Montante E Jusante/Uma Composição Por Trecho), Escavadeira (0,8 M3), Larg. De 1,5 M A 2,5 M, Em Solo Mole, Em Locais Com Alto Nível De Interferência. Af_09/2024 | D35: =VLOOKUP(B35,'Lista preços'!$B$4:$E$100,3,FALSE) -> m3 | E35: 1 | F35: =VLOOKUP(B35,'Lista preços'!$B$4:$E$100,4,FALSE) -> 13.8 | G35: =TRUNC(E35*F35,2) -> 13.8
A36: SINAPI | B36: 100983 | C36: =VLOOKUP(B36,'Lista preços'!$B$4:$E$100,2,FALSE) -> Carga, Manobra E Descarga De Entulho Em Caminhão Basculante 14 M³ - Carga Com Escavadeira Hidráulica (Caçamba De 0,80 M³ / 111 Hp) E Descarga Livre (Unidade: M3). Af_07/2020 | D36: =VLOOKUP(B36,'Lista preços'!$B$4:$E$100,3,FALSE) -> m3 | E36: =E35*1.35 -> 1.35 | F36: =VLOOKUP(B36,'Lista preços'!$B$4:$E$100,4,FALSE) -> 9.83 | G36: =TRUNC(E36*F36,2) -> 13.27
A37: SINAPI | B37: 97914 | C37: =VLOOKUP(B37,'Lista preços'!$B$4:$E$100,2,FALSE) -> Transporte Com Caminhão Basculante De 6 M³, Em Via Urbana Pavimentada, Dmt Até 30 Km (Unidade: M³xKm). Af_07/2020 | D37: =VLOOKUP(B37,'Lista preços'!$B$4:$E$100,3,FALSE) -> m3xkm | E37: =E36*10 -> 13.5 | F37: =VLOOKUP(B37,'Lista preços'!$B$4:$E$100,4,FALSE) -> 3.23 | G37: =TRUNC(E37*F37,2) -> 43.6
A40: COMPOSIÇÃO | B40: 07 | C40: Camada De Bloqueio Com Pó De Pedra E=3 Cm Inclusive Compactacao | D40: M3 | G40: =SUM(G41:G47) -> 167.15
A41: SINAPI | B41: 5932 | C41: =VLOOKUP(B41,'Lista preços'!$B$4:$E$100,2,FALSE) -> Motoniveladora Potência Básica Líquida (Primeira Marcha) 125 Hp, Peso Bruto 13032 Kg, Largura Da Lâmina De 3,7 M - Chp Diurno. Af_06/2014 | D41: =VLOOKUP(B41,'Lista preços'!$B$4:$E$100,3,FALSE) -> chp | E41: 0.033 | F41: =VLOOKUP(B41,'Lista preços'!$B$4:$E$100,4,FALSE) -> 279.07 | G41: =TRUNC(E41*F41,2) -> 9.2
A42: SINAPI | B42: 5934 | C42: =VLOOKUP(B42,'Lista preços'!$B$4:$E$100,2,FALSE) -> Motoniveladora Potência Básica Líquida (Primeira Marcha) 125 Hp, Peso Bruto 13032 Kg, Largura Da Lâmina De 3,7 M - Chi Diurno. Af_06/2014 | D42: =VLOOKUP(B42,'Lista preços'!$B$4:$E$100,3,FALSE) -> chi | E42: 0.0037 | F42: =VLOOKUP(B42,'Lista preços'!$B$4:$E$100,4,FALSE) -> 120.08 | G42: =TRUNC(E42*F42,2) -> 0.44
A43: SINAPI | B43: 6259 | C43: =VLOOKUP(B43,'Lista preços'!$B$4:$E$100,2,FALSE) -> Caminhão Pipa 6.000 L, Peso Bruto Total 13.000 Kg, Distância Entre Eixos 4,80 M, Potência 189 Cv Inclusive Tanque De Aço Para Transporte De Água, Capacidade 6 M3 - Chp Diurno. Af_06/2014 | D43: =VLOOKUP(B43,'Lista preços'!$B$4:$E$100,3,FALSE) -> chp | E43: 0.111 | F43: =VLOOKUP(B43,'Lista preços'!$B$4:$E$100,4,FALSE) -> 268.22 | G43: =TRUNC(E43*F43,2) -> 29.77
A44: SINAPI | B44: 88242 | C44: =VLOOKUP(B44,'Lista preços'!$B$4:$E$100,2,FALSE) -> Ajudante De Pedreiro Com Encargos Complementares | D44: =VLOOKUP(B44,'Lista preços'!$B$4:$E$100,3,FALSE) -> h | E44: 0.74 | F44: =VLOOKUP(B44,'Lista preços'!$B$4:$E$100,4,FALSE) -> 25.66 | G44: =TRUNC(E44*F44,2) -> 18.98
A45: SINAPI | B45: 5684 | C45: =VLOOKUP(B45,'Lista preços'!$B$4:$E$100,2,FALSE) -> Rolo Compactador Vibratório De Um Cilindro Aço Liso, Potência 80 Hp, Peso Operacional Máximo 8,1 T, Impacto Dinâmico 16,15 / 9,5 T, Largura De Trabalho 1,68 M - Chp Diurno. Af_06/2014 | D45: =VLOOKUP(B45,'Lista preços'!$B$4:$E$100,3,FALSE) -> chp | E45: 0.0094 | F45: =VLOOKUP(B45,'Lista preços'!$B$4:$E$100,4,FALSE) -> 175.57 | G45: =TRUNC(E45*F45,2) -> 1.65
A46: SINAPI-I | B46: 4741 | C46: =VLOOKUP(B46,'Lista preços'!$B$4:$E$100,2,FALSE) -> Po De Pedra (Posto Pedreira/Fornecedor, Sem Frete) | D46: =VLOOKUP(B46,'Lista preços'!$B$4:$E$100,3,FALSE) -> m3 | E46: 1.2 | F46: =VLOOKUP(B46,'Lista preços'!$B$4:$E$100,4,FALSE) -> 89.26 | G46: =TRUNC(E46*F46,2) -> 107.11
A51: COMPOSIÇÃO | B51: 08 | C51: Execução De Imprimação Com Asfalto Diluído Cm-30 (Sinapi 105756) | D51: m² | G51: =SUM(G52:G61) -> 8.6
A52: SINAPI | B52: 91486 | C52: =VLOOKUP(B52,'Lista preços'!$B$4:$E$100,2,FALSE) -> Espargidor De Asfalto Pressurizado, Tanque 6 M3 Com Isolação Térmica, Aquecido Com 2 Maçaricos, Com Barra Espargidora 3,60 M, Montado Sobre Caminhão Toco, Pbt 14.300 Kg, Potência 185 Cv - Chi Diurno. Af_05/2023 | D52: =VLOOKUP(B52,'Lista preços'!$B$4:$E$100,3,FALSE) -> chi | E52: 0.0072039 | F52: =VLOOKUP(B52,'Lista preços'!$B$4:$E$100,4,FALSE) -> 74.6 | G52: =TRUNC(E52*F52,2) -> 0.53
A53: SINAPI | B53: 89036 | C53: =VLOOKUP(B53,'Lista preços'!$B$4:$E$100,2,FALSE) -> Trator De Pneus, Potência 85 Cv, Tração 4X4, Peso Com Lastro De 4.675 Kg - Chi Diurno. Af_06/2014 | D53: =VLOOKUP(B53,'Lista preços'!$B$4:$E$100,3,FALSE) -> chi | E53: 0.0072039 | F53: =VLOOKUP(B53,'Lista preços'!$B$4:$E$100,4,FALSE) -> 63.07 | G53: =TRUNC(E53*F53,2) -> 0.45
A54: SINAPI | B54: 89035 | C54: =VLOOKUP(B54,'Lista preços'!$B$4:$E$100,2,FALSE) -> Trator De Pneus, Potência 85 Cv, Tração 4X4, Peso Com Lastro De 4.675 Kg - Chp Diurno. Af_06/2014 | D54: =VLOOKUP(B54,'Lista preços'!$B$4:$E$100,3,FALSE) -> chp | E54: 0.001637 | F54: =VLOOKUP(B54,'Lista preços'!$B$4:$E$100,4,FALSE) -> 148.9 | G54: =TRUNC(E54*F54,2) -> 0.24
A55: SINAPI | B55: 88316 | C55: =VLOOKUP(B55,'Lista preços'!$B$4:$E$100,2,FALSE) -> Servente Com Encargos Complementares | D55: =VLOOKUP(B55,'Lista preços'!$B$4:$E$100,3,FALSE) -> h | E55: 0.0081173 | F55: =VLOOKUP(B55,'Lista preços'!$B$4:$E$100,4,FALSE) -> 24.31 | G55: =TRUNC(E55*F55,2) -> 0.19
A56: SINAPI | B56: 83362 | C56: =VLOOKUP(B56,'Lista preços'!$B$4:$E$100,2,FALSE) -> Espargidor De Asfalto Pressurizado, Tanque 6 M3 Com Isolação Térmica, Aquecido Com 2 Maçaricos, Com Barra Espargidora 3,60 M, Montado Sobre Caminhão Toco, Pbt 14.300 Kg, Potência 185 Cv - Chp Diurno. Af_05/2023 | D56: =VLOOKUP(B56,'Lista preços'!$B$4:$E$100,3,FALSE) -> chp | E56: 0.0009134 | F56: =VLOOKUP(B56,'Lista preços'!$B$4:$E$100,4,FALSE) -> 282.86 | G56: =TRUNC(E56*F56,2) -> 0.25
A57: COTAÇÃO | B57: COT 01 | C57: =VLOOKUP(B57,'Lista preços'!$B$4:$E$100,2,FALSE) -> Asfalto Diulido De Petroleo Cm-30 | D57: =VLOOKUP(B57,'Lista preços'!$B$4:$E$100,3,FALSE) -> kg | E57: 1.2 | F57: =VLOOKUP(B57,'Lista preços'!$B$4:$E$100,4,FALSE) -> 5.7385344 | G57: =TRUNC(E57*F57,2) -> 6.88
A58: SINAPI | B58: 5841 | C58: =VLOOKUP(B58,'Lista preços'!$B$4:$E$100,2,FALSE) -> Vassoura Mecânica Rebocável Com Escova Cilíndrica, Largura Útil De Varrimento De 2,44 M - Chi Diurno. Af_06/2014 | D58: =VLOOKUP(B58,'Lista preços'!$B$4:$E$100,3,FALSE) -> chi | E58: 0.0064803 | F58: =VLOOKUP(B58,'Lista preços'!$B$4:$E$100,4,FALSE) -> 6.8 | G58: =TRUNC(E58*F58,2) -> 0.04
A59: SINAPI | B59: 5839 | C59: =VLOOKUP(B59,'Lista preços'!$B$4:$E$100,2,FALSE) -> Vassoura Mecânica Rebocável Com Escova Cilíndrica, Largura Útil De Varrimento De 2,44 M - Chp Diurno. Af_06/2014 | D59: =VLOOKUP(B59,'Lista preços'!$B$4:$E$100,3,FALSE) -> chp | E59: 0.001637 | F59: =VLOOKUP(B59,'Lista preços'!$B$4:$E$100,4,FALSE) -> 13.53 | G59: =TRUNC(E59*F59,2) -> 0.02
A63: COMPOSIÇÃO | B63: 09 | C63: Pintura De Ligação Com Emulsão Asfáltica Rr-2C (Sinapi 105757) | D63: m² | G63: =SUM(G64:G73) -> 3.23
A64: SINAPI | B64: 91486 | C64: =VLOOKUP(B64,'Lista preços'!$B$4:$E$100,2,FALSE) -> Espargidor De Asfalto Pressurizado, Tanque 6 M3 Com Isolação Térmica, Aquecido Com 2 Maçaricos, Com Barra Espargidora 3,60 M, Montado Sobre Caminhão Toco, Pbt 14.300 Kg, Potência 185 Cv - Chi Diurno. Af_05/2023 | D64: =VLOOKUP(B64,'Lista preços'!$B$4:$E$100,3,FALSE) -> chi | E64: 0.0069275 | F64: =VLOOKUP(B64,'Lista preços'!$B$4:$E$100,4,FALSE) -> 74.6 | G64: =TRUNC(E64*F64,2) -> 0.51
A65: SINAPI | B65: 89036 | C65: =VLOOKUP(B65,'Lista preços'!$B$4:$E$100,2,FALSE) -> Trator De Pneus, Potência 85 Cv, Tração 4X4, Peso Com Lastro De 4.675 Kg - Chi Diurno. Af_06/2014 | D65: =VLOOKUP(B65,'Lista preços'!$B$4:$E$100,3,FALSE) -> chi | E65: 0.0069275 | F65: =VLOOKUP(B65,'Lista preços'!$B$4:$E$100,4,FALSE) -> 63.07 | G65: =TRUNC(E65*F65,2) -> 0.43
A66: SINAPI | B66: 89035 | C66: =VLOOKUP(B66,'Lista preços'!$B$4:$E$100,2,FALSE) -> Trator De Pneus, Potência 85 Cv, Tração 4X4, Peso Com Lastro De 4.675 Kg - Chp Diurno. Af_06/2014 | D66: =VLOOKUP(B66,'Lista preços'!$B$4:$E$100,3,FALSE) -> chp | E66: 0.001637 | F66: =VLOOKUP(B66,'Lista preços'!$B$4:$E$100,4,FALSE) -> 148.9 | G66: =TRUNC(E66*F66,2) -> 0.24
A67: SINAPI | B67: 88316 | C67: =VLOOKUP(B67,'Lista preços'!$B$4:$E$100,2,FALSE) -> Servente Com Encargos Complementares | D67: =VLOOKUP(B67,'Lista preços'!$B$4:$E$100,3,FALSE) -> h | E67: 0.0073504 | F67: =VLOOKUP(B67,'Lista preços'!$B$4:$E$100,4,FALSE) -> 24.31 | G67: =TRUNC(E67*F67,2) -> 0.17
A68: SINAPI | B68: 83362 | C68: =VLOOKUP(B68,'Lista preços'!$B$4:$E$100,2,FALSE) -> Espargidor De Asfalto Pressurizado, Tanque 6 M3 Com Isolação Térmica, Aquecido Com 2 Maçaricos, Com Barra Espargidora 3,60 M, Montado Sobre Caminhão Toco, Pbt 14.300 Kg, Potência 185 Cv - Chp Diurno. Af_05/2023 | D68: =VLOOKUP(B68,'Lista preços'!$B$4:$E$100,3,FALSE) -> chp | E68: 0.0004229 | F68: =VLOOKUP(B68,'Lista preços'!$B$4:$E$100,4,FALSE) -> 282.86 | G68: =TRUNC(E68*F68,2) -> 0.11
A69: COTAÇÃO | B69: cot 02 | C69: =VLOOKUP(B69,'Lista preços'!$B$4:$E$100,2,FALSE) -> Emulsao Asfaltica Cationica Rr-2C Para Uso Em Pavimentação Asfaltica | D69: =VLOOKUP(B69,'Lista preços'!$B$4:$E$100,3,FALSE) -> kg | E69: 0.45 | F69: =VLOOKUP(B69,'Lista preços'!$B$4:$E$100,4,FALSE) -> 3.8363897 | G69: =TRUNC(E69*F69,2) -> 1.72
A70: SINAPI | B70: 5841 | C70: =VLOOKUP(B70,'Lista preços'!$B$4:$E$100,2,FALSE) -> Vassoura Mecânica Rebocável Com Escova Cilíndrica, Largura Útil De Varrimento De 2,44 M - Chi Diurno. Af_06/2014 | D70: =VLOOKUP(B70,'Lista preços'!$B$4:$E$100,3,FALSE) -> chi | E70: 0.0057134 | F70: =VLOOKUP(B70,'Lista preços'!$B$4:$E$100,4,FALSE) -> 6.8 | G70: =TRUNC(E70*F70,2) -> 0.03
A71: SINAPI | B71: 5839 | C71: =VLOOKUP(B71,'Lista preços'!$B$4:$E$100,2,FALSE) -> Vassoura Mecânica Rebocável Com Escova Cilíndrica, Largura Útil De Varrimento De 2,44 M - Chp Diurno. Af_06/2014 | D71: =VLOOKUP(B71,'Lista preços'!$B$4:$E$100,3,FALSE) -> chp | E71: 0.001637 | F71: =VLOOKUP(B71,'Lista preços'!$B$4:$E$100,4,FALSE) -> 13.53 | G71: =TRUNC(E71*F71,2) -> 0.02
A75: COMPOSIÇÃO | B75: 10 | C75: Execução De Tapa Buraco Com Aplicação De Concreto Asfáltico (Sem Fornecimento) E Pintura De Ligação, Transporete Em Caminhão Térmico | D75: M3 | G75: =SUM(G76:G83) -> 619.31
A76: SINAPI | B76: 95631 | C76: =VLOOKUP(B76,'Lista preços'!$B$4:$E$100,2,FALSE) -> Rolo Compactador Vibratorio Tandem, Aco Liso, Potencia 125 Hp, Peso Sem/Com Lastro 10,20/11,65 T, Largura De Trabalho 1,73 M - Chp Diurno. Af_11/2016 | D76: =VLOOKUP(B76,'Lista preços'!$B$4:$E$100,3,FALSE) -> chp | E76: 0.0951 | F76: =VLOOKUP(B76,'Lista preços'!$B$4:$E$100,4,FALSE) -> 248.28 | G76: =TRUNC(E76*F76,2) -> 23.61
A77: SINAPI | B77: 95632 | C77: =VLOOKUP(B77,'Lista preços'!$B$4:$E$100,2,FALSE) -> Rolo Compactador Vibratorio Tandem, Aco Liso, Potencia 125 Hp, Peso Sem/Com Lastro 10,20/11,65 T, Largura De Trabalho 1,73 M - Chi Diurno. Af_11/2016 | D77: =VLOOKUP(B77,'Lista preços'!$B$4:$E$100,3,FALSE) -> chi | E77: 0.0815 | F77: =VLOOKUP(B77,'Lista preços'!$B$4:$E$100,4,FALSE) -> 97.56 | G77: =TRUNC(E77*F77,2) -> 7.95
A78: SINAPI | B78: 88316 | C78: =VLOOKUP(B78,'Lista preços'!$B$4:$E$100,2,FALSE) -> Servente Com Encargos Complementares | D78: =VLOOKUP(B78,'Lista preços'!$B$4:$E$100,3,FALSE) -> h | E78: 14.1263 | F78: =VLOOKUP(B78,'Lista preços'!$B$4:$E$100,4,FALSE) -> 24.31 | G78: =TRUNC(E78*F78,2) -> 343.41
A79: SINAPI | B79: 88314 | C79: =VLOOKUP(B79,'Lista preços'!$B$4:$E$100,2,FALSE) -> Rasteleiro Com Encargos Complementares | D79: =VLOOKUP(B79,'Lista preços'!$B$4:$E$100,3,FALSE) -> h | E79: 7.06315 | F79: =VLOOKUP(B79,'Lista preços'!$B$4:$E$100,4,FALSE) -> 24.47 | G79: =TRUNC(E79*F79,2) -> 172.83
A80: SICRO | B80: E9520 | C80: =VLOOKUP(B80,'Lista preços'!$B$4:$E$100,2,FALSE) -> Caminhão Com Caçamba Térmica Com Capacidade De 6 M³ - 188 Kw | D80: =VLOOKUP(B80,'Lista preços'!$B$4:$E$100,3,FALSE) -> h | E80: 0.25 | F80: =VLOOKUP(B80,'Lista preços'!$B$4:$E$100,4,FALSE) -> 199.7696 | G80: =TRUNC(E80*F80,2) -> 49.94
A81: COTAÇÃO | B81: cot 02 | C81: =VLOOKUP(B81,'Lista preços'!$B$4:$E$100,2,FALSE) -> Emulsao Asfaltica Cationica Rr-2C Para Uso Em Pavimentação Asfaltica | D81: =VLOOKUP(B81,'Lista preços'!$B$4:$E$100,3,FALSE) -> kg | E81: =1/0.08*0.45 -> 5.625 | F81: =VLOOKUP(B81,'Lista preços'!$B$4:$E$100,4,FALSE) -> 3.8363897 | G81: =TRUNC(E81*F81,2) -> 21.57
A86: COMPOSIÇÃO | B86: 11 | C86: Realinhamento De Guia (Meio-Fio) | D86: M | G86: =SUM(G87:G91) -> 26.62
A87: SINAPI | B87: 88629 | C87: =VLOOKUP(B87,'Lista preços'!$B$4:$E$100,2,FALSE) -> Argamassa Traço 1:3 (Em Volume De Cimento E Areia Média Úmida), Preparo Manual. Af_08/2019 | D87: =VLOOKUP(B87,'Lista preços'!$B$4:$E$100,3,FALSE) -> m3 | E87: 0.0018 | F87: =VLOOKUP(B87,'Lista preços'!$B$4:$E$100,4,FALSE) -> 754.3 | G87: =TRUNC(E87*F87,2) -> 1.35
A88: SINAPI | B88: 88316 | C88: =VLOOKUP(B88,'Lista preços'!$B$4:$E$100,2,FALSE) -> Servente Com Encargos Complementares | D88: =VLOOKUP(B88,'Lista preços'!$B$4:$E$100,3,FALSE) -> h | E88: 0.4592 | F88: =VLOOKUP(B88,'Lista preços'!$B$4:$E$100,4,FALSE) -> 24.31 | G88: =TRUNC(E88*F88,2) -> 11.16
A89: SINAPI | B89: 88309 | C89: =VLOOKUP(B89,'Lista preços'!$B$4:$E$100,2,FALSE) -> Pedreiro Com Encargos Complementares | D89: =VLOOKUP(B89,'Lista preços'!$B$4:$E$100,3,FALSE) -> h | E89: 0.4592 | F89: =VLOOKUP(B89,'Lista preços'!$B$4:$E$100,4,FALSE) -> 29.39 | G89: =TRUNC(E89*F89,2) -> 13.49
A90: SINAPI-I | B90: 370 | C90: =VLOOKUP(B90,'Lista preços'!$B$4:$E$100,2,FALSE) -> Areia Media - Posto Jazida/Fornecedor (Retirado Na Jazida, Sem Transporte) | D90: =VLOOKUP(B90,'Lista preços'!$B$4:$E$100,3,FALSE) -> m3 | E90: 0.0066 | F90: =VLOOKUP(B90,'Lista preços'!$B$4:$E$100,4,FALSE) -> 95 | G90: =TRUNC(E90*F90,2) -> 0.62
A91: SINAPI | B91: 93590 | C91: =VLOOKUP(B91,'Lista preços'!$B$4:$E$100,2,FALSE) -> Transporte Com Caminhão Basculante De 10 M³, Em Via Urbana Pavimentada, Adicional Para Dmt Excedente A 30 Km (Unidade: M3Xkm). Af_07/2020 | D91: =VLOOKUP(B91,'Lista preços'!$B$4:$E$100,3,FALSE) -> m3Xkm | E91: 0.0066 | F91: =VLOOKUP(B91,'Lista preços'!$B$4:$E$100,4,FALSE) -> 1.06 | G91: =TRUNC(E91*F91,2) -> 0

Sheet Lista preços
A1: LISTA DE PREÇOS
A2: Fonte | B2: Código | C2: Descrição | D2: Unidade | E2: Custo (R$)
A3: COMPOSIÇÕES PRÓPRIAS
A4: COMPOSIÇÃO | B4: 01 | C4: Administração Local | D4: mês | E4: =Composições!G3 -> 52226.11
A5: COMPOSIÇÃO | B5: 02 | C5: Fresagem De Pavimento Asfáltico (Profundidade Até 5,0cm) -Inclusive, Remoção, Espalhamento E Transporte Do Material Dmt Até 10Km | D5: m2 | E5: =Composições!G11 -> 9.21
A6: COMPOSIÇÃO | B6: 03 | C6: Demolição Parcial De Pavimento Asfáltico, De Forma Mecanizada, Sem Reaproveitamento, Inclusive Carga, Descarga E Transporte Para Bota-Fora Dmt Até 10Km | D6: m2 | E6: =Composições!G16 -> 27.76
A7: COMPOSIÇÃO | B7: 04 | C7: Demolição De Guias, Sarjetas Ou Sarjetões, De Forma Mecanizada, Sem Reaproveitamento | D7: m | E7: =Composições!G22 -> 35.2
A8: COMPOSIÇÃO | B8: 05 | C8: Remoção Piso Intertravado/Paralelepípedos, Inclusive carga, descarga e transporte para bota-fora DMT até 10 km | D8: m2 | E8: =Composições!G28 -> 9.4
A9: COMPOSIÇÃO | B9: 06 | C9: Escavação Mecanizada De Vala Com Prof. Até 1,5 M (Média Montante E Jusante/Uma Composição Por Trecho), Escavadeira (0,8 M3), Larg. De 1,5 M A 2,5 M, Em Solo Mole, Em Locais Com Alto Nível De Interferência, inclusive carga, descarga,espalhamento e transporte para bota-fora DMT até 10km | D9: m3 | E9: =Composições!G34 -> 70.67
A10: COMPOSIÇÃO | B10: 07 | C10: Camada De Bloqueio Com Pó De Pedra E=3 Cm Inclusive Compactacao | D10: M3 | E10: =Composições!G40 -> 167.15
A11: COMPOSIÇÃO | B11: 08 | C11: Execução De Imprimação Com Asfalto Diluído Cm-30 (Sinapi 105756) | D11: m2 | E11: =Composições!G51 -> 8.6
A12: COMPOSIÇÃO | B12: 09 | C12: Pintura De Ligação Com Emulsão Asfáltica Rr-2C (Sinapi 105757) | D12: m2 | E12: =Composições!G63 -> 3.23
A13: COMPOSIÇÃO | B13: 10 | C13: Execução De Tapa Buraco Com Aplicação De Concreto Asfáltico (Sem Fornecimento) E Pintura De Ligação, Transporete Em Caminhão Térmico | D13: m3 | E13: =Composições!G75 -> 619.31
A14: COMPOSIÇÃO | B14: 11 | C14: Realinhamento De Guia (Meio-Fio) | D14: m | E14: =Composições!G86 -> 26.62
A15: COMPOSIÇÕES COM REFERÊNCIAS
A16: SINAPI | B16: 100574 | C16: Espalhamento De Material Com Trator De Esteiras. Af_09/2024 | D16: m3 | E16: 1.5
A17: SINAPI | B17: 100576 | C17: Regularização E Compactação De Subleito De Solo Predominantemente Argiloso, Para Obras De Construção De Pavimentos. Af_09/2024 | D17: m2 | E17: 3.14
A18: SINAPI | B18: 100975 | C18: Carga, Manobra E Descarga De Solos E Materiais Granulares Em Caminhão Basculante 14 M³ - Carga Com Pá Carregadeira (Caçamba De 1,7 A 2,8 M³ / 128 Hp) E Descarga Livre (Unidade: M3). Af_07/2020 | D18: m3 | E18: 9.38
A19: SINAPI | B19: 100983 | C19: Carga, Manobra E Descarga De Entulho Em Caminhão Basculante 14 M³ - Carga Com Escavadeira Hidráulica (Caçamba De 0,80 M³ / 111 Hp) E Descarga Livre (Unidade: M3). Af_07/2020 | D19: m3 | E19: 9.83
A20: SINAPI | B20: 101850 | C20: Reassentamento De Paralelepípedos, Rejuntamento Com Pó De Pedra, Com Reaproveitamento Dos Paralelepípedos - Incluso Retirada E Colocação Do Material. Af_12/2020 | D20: m2 | E20: 64.23
A21: SINAPI | B21: 101864 | C21: Reassentamento De Blocos Retangular Para Piso Intertravado, Espessura De 8 Cm, Em Via/Estacionamento, Com Reaproveitamento Dos Blocos Retangular - Incluso Retirada E Colocação Do Material. Af_12/2020 | D21: m2 | E21: 33.83
A22: SINAPI | B22: 102283 | C22: Escavação Mecanizada De Vala Com Prof. Até 1,5 M (Média Montante E Jusante/Uma Composição Por Trecho), Escavadeira (0,8 M3), Larg. De 1,5 M A 2,5 M, Em Solo Mole, Em Locais Com Alto Nível De Interferência. Af_09/2024 | D22: m3 | E22: 13.8
A23: SINAPI | B23: 102330 | C23: Transporte Com Caminhão Tanque De Transporte De Material Asfáltico De 30000 L, Em Via Urbana Pavimentada, Dmt Até 30Km (Unidade: Txkm). Af_07/2020 | D23: txkm | E23: 1.49
A24: SINAPI | B24: 104796 | C24: Demolição De Guias, Sarjetas Ou Sarjetões, De Forma Mecanizada, Sem Reaproveitamento. Af_09/2023 | D24: m | E24: 16.25
A25: SINAPI | B25: 105754 | C25: Construção De Base E Sub-Base Para Pavimentação De Macadame Seco, Com Espessura De 25 Cm - Exclusive Carga E Transporte. Af_09/2024 | D25: m3 | E25: 150.49
A26: SINAPI | B26: 88907 | C26: Escavadeira Hidráulica Sobre Esteiras, Caçamba 1,20 M3, Peso Operacional 21 T, Potência Bruta 155 Hp - Chp Diurno. Af_06/2014 | D26: chp | E26: 275.03
A27: SINAPI | B27: 92398 | C27: Execução De Pavimento Em Piso Intertravado, Com Bloco Retangular Cor Natural De 20 X 10 Cm, Espessura 8 Cm. Af_10/2022 | D27: m2 | E27: 83.43
... A38: SINAPI | B38: 98524 | C38: Limpeza Manual De Vegetação Em Terreno Com Enxada. Af_03/2024 | D38: m2 | E38: 5.18
A39: SINAPI | B39: 91486 | C39: Espargidor De Asfalto Pressurizado, Tanque 6 M3 Com Isolação Térmica, Aquecido Com 2 Maçaricos, Com Barra Espargidora 3,60 M, Montado Sobre Caminhão Toco, Pbt 14.300 Kg, Potência 185 Cv - Chi Diurno. Af_05/2023 | D39: chi | E39: 74.6
A40: SINAPI | B40: 89036 | C40: Trator De Pneus, Potência 85 Cv, Tração 4X4, Peso Com Lastro De 4.675 Kg - Chi Diurno. Af_06/2014 | D40: chi | E40: 63.07
A41: SINAPI | B41: 5841 | C41: Vassoura Mecânica Rebocável Com Escova Cilíndrica, Largura Útil De Varrimento De 2,44 M - Chi Diurno. Af_06/2014 | D41: chi | E41: 6.8
A42: SINAPI | B42: 95632 | C42: Rolo Compactador Vibratorio Tandem, Aco Liso, Potencia 125 Hp, Peso Sem/Com Lastro 10,20/11,65 T, Largura De Trabalho 1,73 M - Chi Diurno. Af_11/2016 | D42: chi | E42: 97.56
A43: SINAPI | B43: 5934 | C43: Motoniveladora Potência Básica Líquida (Primeira Marcha) 125 Hp, Peso Bruto 13032 Kg, Largura Da Lâmina De 3,7 M - Chi Diurno. Af_06/2014 | D43: chi | E43: 120.08
A44: SINAPI | B44: 96158 | C44: Minicarregadeira Sobre Rodas Potencia 47Hp Capacidade Operacao 646 Kg, Com Vassoura Mecânica Acoplada - Chp Diurno. Af_03/2017 | D44: chp | E44: 160.79
A45: SINAPI | B45: 89035 | C45: Trator De Pneus, Potência 85 Cv, Tração 4X4, Peso Com Lastro De 4.675 Kg - Chp Diurno. Af_06/2014 | D45: chp | E45: 148.9
A46: SINAPI | B46: 83362 | C46: Espargidor De Asfalto Pressurizado, Tanque 6 M3 Com Isolação Térmica, Aquecido Com 2 Maçaricos, Com Barra Espargidora 3,60 M, Montado Sobre Caminhão Toco, Pbt 14.300 Kg, Potência 185 Cv - Chp Diurno. Af_05/2023 | D46: chp | E46: 282.86
A47: SINAPI | B47: 5839 | C47: Vassoura Mecânica Rebocável Com Escova Cilíndrica, Largura Útil De Varrimento De 2,44 M - Chp Diurno. Af_06/2014 | D47: chp | E47: 13.53
A48: SINAPI | B48: 95631 | C48: Rolo Compactador Vibratorio Tandem, Aco Liso, Potencia 125 Hp, Peso Sem/Com Lastro 10,20/11,65 T, Largura De Trabalho 1,73 M - Chp Diurno. Af_11/2016 | D48: chp | E48: 248.28
A49: SINAPI | B49: 92106 | C49: Caminhão Para Equipamento De Limpeza A Sucção, Com Caminhão Trucado De Peso Bruto Total 23000 Kg, Carga Útil Máxima 15935 Kg, Distância Entre Eixos 4,80 M, Potência 230 Cv, Inclusive Limpadora A Sucção, Tanque 12000 L - Chp Diurno. Af_05/2023 | D49: chp | E49: 373.4
A50: SINAPI | B50: 5678 | C50: Retroescavadeira Sobre Rodas Com Carregadeira, Tração 4X4, Potência Líq. 88 Hp, Caçamba Carreg. Cap. Mín. 1 M3, Caçamba Retro Cap. 0,26 M3, Peso Operacional Mín. 6.674 Kg, Profundidade Escavação Máx. 4,37 M - Chp Diurno. Af_06/2014 | D50: chp | E50: 154.89
A51: SINAPI | B51: 5875 | C51: Retroescavadeira Sobre Rodas Com Carregadeira, Tração 4X4, Potência Líq. 72 Hp, Caçamba Carreg. Cap. Mín. 0,79 M3, Caçamba Retro Cap. 0,18 M3, Peso Operacional Mín. 7.140 Kg, Profundidade Escavação Máx. 4,50 M - Chp Diurno. Af_06/2014 | D51: chp | E51: 143.25
A52: SINAPI | B52: 67826 | C52: Caminhão Basculante 6 M3 Toco, Peso Bruto Total 16.000 Kg, Carga Útil Máxima 11.130 Kg, Distância Entre Eixos 5,36 M, Potência 185 Cv, Inclusive Caçamba Metálica - Chp Diurno. Af_06/2014 | D52: chp | E52: 202.28
A53: SINAPI | B53: 5932 | C53: Motoniveladora Potência Básica Líquida (Primeira Marcha) 125 Hp, Peso Bruto 13032 Kg, Largura Da Lâmina De 3,7 M - Chp Diurno. Af_06/2014 | D53: chp | E53: 279.07
A54: SINAPI | B54: 6259 | C54: Caminhão Pipa 6.000 L, Peso Bruto Total 13.000 Kg, Distância Entre Eixos 4,80 M, Potência 189 Cv Inclusive Tanque De Aço Para Transporte De Água, Capacidade 6 M3 - Chp Diurno. Af_06/2014 | D54: chp | E54: 268.22
A55: SINAPI | B55: 5684 | C55: Rolo Compactador Vibratório De Um Cilindro Aço Liso, Potência 80 Hp, Peso Operacional Máximo 8,1 T, Impacto Dinâmico 16,15 / 9,5 T, Largura De Trabalho 1,68 M - Chp Diurno. Af_06/2014 | D55: chp | E55: 175.57
A56: SINAPI | B56: 88316 | C56: Servente Com Encargos Complementares | D56: h | E56: 24.31
A57: SINAPI | B57: 88314 | C57: Rasteleiro Com Encargos Complementares | D57: h | E57: 24.47
A58: SINAPI | B58: 88292 | C58: Operador De Compressor Ou Compressorista Com Encargos Complementares | D58: h | E58: 29.08
A59: SINAPI | B59: 88309 | C59: Pedreiro Com Encargos Complementares | D59: h | E59: 29.39
A60: SINAPI | B60: 88242 | C60: Ajudante De Pedreiro Com Encargos Complementares | D60: h | E60: 25.66
A61: SINAPI | B61: 92915 | C61: Armação De Estruturas Diversas De Concreto Armado, Exceto Vigas, Pilares, Lajes E Fundações, Utilizando Aço Ca-60 De 5,0 Mm - Montagem. Af_06/2022 | D61: kg | E61: 17.52
A62: SINAPI | B62: 101159 | C62: Alvenaria De Vedação De Blocos Cerâmicos Maciços De 5X10X20Cm (Espessura 10Cm) E Argamassa De Assentamento Com Preparo Em Betoneira. Af_05/2020 | D62: m2 | E62: 142.77
A63: SINAPI | B63: 92482 | C63: Montagem E Desmontagem De Fôrma De Laje Maciça, Pé-Direito Simples, Em Madeira Serrada, 1 Utilização. Af_09/2020 | D63: m2 | E63: 324.69
A64: SINAPI | B64: 88629 | C64: Argamassa Traço 1:3 (Em Volume De Cimento E Areia Média Úmida), Preparo Manual. Af_08/2019 | D64: m3 | E64: 754.3
A65: SINAPI | B65: 97628 | C65: Demolição De Lajes, Em Concreto Armado, De Forma Manual, Sem Reaproveitamento. Af_09/2023 | D65: m3 | E65: 298.51
A66: SINAPI | B66: 96622 | C66: Lastro Com Material Granular, Aplicado Em Pisos Ou Lajes Sobre Solo, Espessura De *5 Cm*. Af_01/2024 | D66: m3 | E66: 207.11
A67: SINAPI | B67: 94965 | C67: Concreto Fck = 25Mpa, Traço 1:2,3:2,7 (Em Massa Seca De Cimento/ Areia Média/ Brita 1) - Preparo Mecânico Com Betoneira 400 L. Af_05/2021 | D67: m3 | E67: 570.74
A68: SINAPI | B68: 94966 | C68: Concreto Fck = 30Mpa, Traço 1:2,1:2,5 (Em Massa Seca De Cimento/ Areia Média/ Brita 1) - Preparo Mecânico Com Betoneira 400 L. Af_05/2021 | D68: m3 | E68: 592.09
... A83: SICRO | B83: 4915634 | C83: Limpeza E Desobstrução Mecanizada De Bueiros Com Diâmetro Acima De 1,00 Até 1,50 M | D83: m | E83: 71.83
A84: INSUMOS
A85: SINAPI-I | B85: 37524 | C85: Tela Plastica Laranja, Tipo Tapume Para Sinalizacao, Malha Retangular, Rolo 1.20 X 50 M (L X C) | D85: M | E85: 3.6
A86: SINAPI-I | B86: 1518 | C86: Concreto Betuminoso Usinado A Quente (Cbuq) Para Pavimentacao Asfaltica, Padrao Dnit, Faixa C, Com Cap 50/70 - Aquisicao Posto Usina | D86: t | E86: 812.5
A87: SINAPI-I | B87: 4248 | C87: Operador De Pa Carregadeira (Horista) | D87: h | E87: 38.73
A88: SINAPI-I | B88: 6111 | C88: Servente De Obras (Horista) | D88: h | E88: 17.96
A89: SINAPI-I | B89: 5069 | C89: Prego De Aco Polido Com Cabeca 17 X 27 (2 1/2 X 11) | D89: kg | E89: 13.85
A90: SINAPI-I | B90: 4509 | C90: Sarrafo *2,5 X 10* Cm Em Pinus, Mista Ou Equivalente Da Regiao - Bruta | D90: M | E90: 3.61
A91: SINAPI-I | B91: 3777 | C91: Lona Plastica Pesada Preta, E = 150 Micra | D91: m2 | E91: 1.96
A92: SINAPI-I | B92: 7155 | C92: Tela De Aco Soldada Nervurada, Ca-60, Q-138, (2,20 Kg/M2), Diametro Do Fio = 4,2 Mm, Largura = 2,45 M, Espacamento Da Malha = 10 X 10 Cm | D92: m2 | E92: 19.15
A93: SINAPI-I | B93: 370 | C93: Areia Media - Posto Jazida/Fornecedor (Retirado Na Jazida, Sem Transporte) | D93: m3 | E93: 95
A94: SINAPI-I | B94: 4741 | C94: Po De Pedra (Posto Pedreira/Fornecedor, Sem Frete) | D94: m3 | E94: 89.26
A95: SINAPI-I | B95: 34498 | C95: Cone De Sinalizacao Em Pvc Flexivel, H = 70 / 76 Cm | D95: un | E95: 132.8
A96: SINAPI-I | B96: 43386 | C96: Meio-Fio Ou Guia De Concreto Pre-Moldado, Tipo Chapeu Para Boca De Lobo, Dimensoes *1,20* X 0,15 X 0,30 M | D96: un | E96: 51.5
A97: COTAÇÃO | B97: COT 01 | C97: Asfalto Diulido De Petroleo Cm-30 | D97: kg | E97: ='Mat asfalt.'!D2 -> 5.7385344
A98: COTAÇÃO | B98: COT 02 | C98: Emulsao Asfaltica Cationica Rr-2C Para Uso Em Pavimentação Asfaltica | D98: kg | E98: ='Mat asfalt.'!D4 -> 3.8363897
A99: COTAÇÃO | B99: COT 03 | C99: Inspeção Com Sistema De Vídeo (Cctc) | D99: m | E99: 28.22

Sheet Mat asfalt.
B1: MATERIAL | C1: CUSTO | D1: CUSTO COM IMPOSTOS
B2: ASFALTOS DILUÍDOS CM-30 | C2: 4.5891346 | D2: =C2/(1-(C9+C10+C11-(C10+C11)*C9)) -> 5.7385344
B3: CIMENTOS ASFÁLTICOS CAP-50-70 | C3: 3.7160874 | D3: =C3/(1-(C9+C10+C11-(C10+C11)*C9)) -> 4.6468228
B4: EMULSÕES ASFÁLTICAS RR-2C | C4: 3.06798 | D4: =C4/(1-(C9+C10+C11-(C10+C11)*C9)) -> 3.8363897
B9: ICMS | C9: 0.17
B10: PIS | C10: 0.0065
B11: COFINS | C11: 0.03

Sheet BDI
B1: Planilha de Detalhamento do BDI
B3: Tomador | G3: Município de Alvorada | T3: =IF(LEN(G3)<6,FALSE,TRUE) -> TRUE
B4: Nº do Contrato de Repasse | G4: processo administrativo 3923/2026 | T4: =IF(LEN(G4)<9,FALSE,TRUE) -> TRUE
B5: Nome da Obra | G5: Manutenção viária | T5: =IF(LEN(G5)<6,FALSE,TRUE) -> TRUE
B6: Município da Obra | G6: Alvorada/RS | T6: =IF(LEN(G6)<4,FALSE,TRUE) -> TRUE
B7: Tipo de Obra
B8: Contribuição Previdenciária
B9: Conforme legislação tributária municipal, definir estimativa de percentual da base de cálculo para o ISS: | R9: 1
B10: Sobre a base de cálculo, definir a respectiva alíquota do ISS (entre 2% e 5%): | R10: 0.04
B11: =IF(OR(T3=FALSE,T4=FALSE,T5=FALSE,T6=FALSE),("Atenção - Não esqueça de preencher o(s) campo(s): -" & IF(T3=FALSE," TOMADOR -","") & IF(T4=FALSE," Nº DO CONTRATO -","") & IF(T5=FALSE," NOME DA OBRA -","") & IF(T6=FALSE," MUNICÍPIO ONDE SE LOCALIZA A OBRA -","") & ""),".") -> .
B12: Parcelas do BDI | G12: Valor percentual adotado | K12: Limites das parcelas do BDI para obras do tipo acima selecionado. Acórdão TCU 2622/2013
K13: Mín | N13: Med. | Q13: Máx.
B14: (AC) - Administração Central | G14: 3.8 | K14: =CHOOSE([2]Plan4!$B$17,[2]Plan4!C6,[2]Plan4!D6,[2]Plan4!E6,[2]Plan4!F6,[2]Plan4!G6,[2]Plan4!H6) -> 3.8 | N14: =CHOOSE([2]Plan4!$B$17,[2]Plan4!I6,[2]Plan4!J6,[2]Plan4!K6,[2]Plan4!L6,[2]Plan4!M6,[2]Plan4!N6) -> 4.01 | Q14: =CHOOSE([2]Plan4!$B$17,[2]Plan4!O6,[2]Plan4!P6,[2]Plan4!Q6,[2]Plan4!R6,[2]Plan4!S6,[2]Plan4!T6) -> 4.67 | T14: =IF(G14<K14," Atenção",IF(G14>Q14,"Atenção","OK")) -> OK
B15: (S) + (G) - Seguro e Garantia | G15: 0.32 | K15: =CHOOSE([2]Plan4!$B$17,[2]Plan4!C7,[2]Plan4!D7,[2]Plan4!E7,[2]Plan4!F7,[2]Plan4!G7,[2]Plan4!H7) -> 0.32 | N15: =CHOOSE([2]Plan4!$B$17,[2]Plan4!I7,[2]Plan4!J7,[2]Plan4!K7,[2]Plan4!L7,[2]Plan4!M7,[2]Plan4!N7) -> 0.4 | Q15: =CHOOSE([2]Plan4!$B$17,[2]Plan4!O7,[2]Plan4!P7,[2]Plan4!Q7,[2]Plan4!R7,[2]Plan4!S7,[2]Plan4!T7) -> 0.74 | T15: =IF(G15<K15," Atenção",IF(G15>Q15,"Atenção","OK")) -> OK
B16: (R) - Risco | G16: 0.5 | K16: =CHOOSE([2]Plan4!$B$17,[2]Plan4!C8,[2]Plan4!D8,[2]Plan4!E8,[2]Plan4!F8,[2]Plan4!G8,[2]Plan4!H8) -> 0.5 | N16: =CHOOSE([2]Plan4!$B$17,[2]Plan4!I8,[2]Plan4!J8,[2]Plan4!K8,[2]Plan4!L8,[2]Plan4!M8,[2]Plan4!N8) -> 0.56 | Q16: =CHOOSE([2]Plan4!$B$17,[2]Plan4!O8,[2]Plan4!P8,[2]Plan4!Q8,[2]Plan4!R8,[2]Plan4!S8,[2]Plan4!T8) -> 0.97 | T16: =IF(G16<K16," Atenção",IF(G16>Q16,"Atenção","OK")) -> OK
B17: (DF) - Despesas Financeiras | G17: 1.02 | K17: =CHOOSE([2]Plan4!$B$17,[2]Plan4!C9,[2]Plan4!D9,[2]Plan4!E9,[2]Plan4!F9,[2]Plan4!G9,[2]Plan4!H9) -> 1.02 | N17: =CHOOSE([2]Plan4!$B$17,[2]Plan4!I9,[2]Plan4!J9,[2]Plan4!K9,[2]Plan4!L9,[2]Plan4!M9,[2]Plan4!N9) -> 1.11 | Q17: =CHOOSE([2]Plan4!$B$17,[2]Plan4!O9,[2]Plan4!P9,[2]Plan4!Q9,[2]Plan4!R9,[2]Plan4!S9,[2]Plan4!T9) -> 1.21 | T17: =IF(G17<K17," Atenção",IF(G17>Q17,"Atenção","OK")) -> OK
B18: (L) - Lucro | G18: 6.64 | K18: =CHOOSE([2]Plan4!$B$17,[2]Plan4!C10,[2]Plan4!D10,[2]Plan4!E10,[2]Plan4!F10,[2]Plan4!G10,[2]Plan4!H10) -> 6.64 | N18: =CHOOSE([2]Plan4!$B$17,[2]Plan4!I10,[2]Plan4!J10,[2]Plan4!K10,[2]Plan4!L10,[2]Plan4!M10,[2]Plan4!N10) -> 7.3 | Q18: =CHOOSE([2]Plan4!$B$17,[2]Plan4!O10,[2]Plan4!P10,[2]Plan4!Q10,[2]Plan4!R10,[2]Plan4!S10,[2]Plan4!T10) -> 8.69 | T18: =IF(G18<K18," Atenção",IF(G18>Q18,"Atenção","OK")) -> OK
B19: (I1) - PIS | G19: 0.65 | K19: =CHOOSE([2]Plan4!$B$17,[2]Plan4!C11,[2]Plan4!D11,[2]Plan4!E11,[2]Plan4!F11,[2]Plan4!G11,[2]Plan4!H11) -> 0.65 | N19: =CHOOSE([2]Plan4!$B$17,[2]Plan4!I11,[2]Plan4!J11,[2]Plan4!K11,[2]Plan4!L11,[2]Plan4!M11,[2]Plan4!N11) -> 0.65 | Q19: =CHOOSE([2]Plan4!$B$17,[2]Plan4!O11,[2]Plan4!P11,[2]Plan4!Q11,[2]Plan4!R11,[2]Plan4!S11,[2]Plan4!T11) -> 0.65 | T19: =IF(G19<K19," Atenção",IF(G19>Q19,"Atenção","OK")) -> OK
B20: (I2) - COFINS | G20: 3 | K20: =CHOOSE([2]Plan4!$B$17,[2]Plan4!C12,[2]Plan4!D12,[2]Plan4!E12,[2]Plan4!F12,[2]Plan4!G12,[2]Plan4!H12) -> 3 | N20: =CHOOSE([2]Plan4!$B$17,[2]Plan4!I12,[2]Plan4!J12,[2]Plan4!K12,[2]Plan4!L12,[2]Plan4!M12,[2]Plan4!N12) -> 3 | Q20: =CHOOSE([2]Plan4!$B$17,[2]Plan4!O12,[2]Plan4!P12,[2]Plan4!Q12,[2]Plan4!R12,[2]Plan4!S12,[2]Plan4!T12) -> 3 | T20: =IF(G20<K20," Atenção",IF(G20>Q20,"Atenção","OK")) -> OK
B21: (I3) - ISS | G21: =R9*R10*100 -> 4 | K21: =CHOOSE([2]Plan4!$B$17,[2]Plan4!C13,[2]Plan4!D13,[2]Plan4!E13,[2]Plan4!F13,[2]Plan4!G13,[2]Plan4!H13) -> 2 | N21: =CHOOSE([2]Plan4!$B$17,[2]Plan4!I13,[2]Plan4!J13,[2]Plan4!K13,[2]Plan4!L13,[2]Plan4!M13,[2]Plan4!N13) -> 2 | Q21: =CHOOSE([2]Plan4!$B$17,[2]Plan4!O13,[2]Plan4!P13,[2]Plan4!Q13,[2]Plan4!R13,[2]Plan4!S13,[2]Plan4!T13) -> 5
B22: (I4) - Contrib. Previdenciária | G22: =IF([2]Plan4!B26=1,4.5,0) -> 0
B23: BDI Adotado | G23: =TRUNC((((((1+G14/100+G15/100+G16/100)*(1+G17/100)*(1+G18/100))/(1-(G19/100+G20/100+G21/100+G22/100)))-1)*100),2) -> 22.04
B25: Valor para simples conferência do enquadramento do BDI nos limites estabelecidos pelo Acórdão TCU 2622/2013 | K25: Limites do valor do BDI para obras do tipo acima selecionado. Acórdão TCU 2622/2013
B26: BDI desconsiderando a parcela (I4) contribuição previdenciária | G26: =TRUNC(((((1+G14/100+G15/100+G16/100)*(1+G17/100)*(1+G18/100))/(1-(G19/100+G20/100+G21/100)))-1)*100,2) -> 22.04 | J26: =IF(G26<K26," Atenção",IF(G26>Q26,"Atenção","OK")) -> OK | K26: =CHOOSE([2]Plan4!$B$17,[2]Plan4!O19,[2]Plan4!O20,[2]Plan4!O21,[2]Plan4!O22,[2]Plan4!O23,[2]Plan4!O24) -> 19.6 | N26: =CHOOSE([2]Plan4!$B$17,[2]Plan4!Q19,[2]Plan4!Q20,[2]Plan4!Q21,[2]Plan4!Q22,[2]Plan4!Q23,[2]Plan4!Q24) -> 20.97 | Q26: =CHOOSE([2]Plan4!$B$17,[2]Plan4!S19,[2]Plan4!S20,[2]Plan4!S21,[2]Plan4!S22,[2]Plan4!S23,[2]Plan4!S24) -> 24.23
B27: =IF(J26<>"OK", "O valor de BDI sem a desoneração está fora da faixa admitida no Acórdão TCU Plenária 2622/2013.",".") -> .
B28: DECLARAÇÕES
B29: ="DECLARO que, de acordo com a legislação tributária do município de "&G6&", considerando a natureza da obra acima discriminada, para cálculo do valor de ISS a ser cobrado da empresa construtora, é aplicada a aliquota de "&IF(G21="",0,G21)&"% sobre o valor total da obra."&" "&" "&"DECLARO que o percentual de encargos sociais utilizados no valor da mão-de-obra do orçamento são os encargos sociais praticados pelo SINAPI e/ou SICRO."&" "&" "&"DECLARO que o orçamento da obra foi verificado com os custos nas duas possibilidades de CONTRIBUIÇÃO PREVIDENCIÁRIA e foi adotada a modalidade "&IF([2]Plan4!B26=1,"COM DESONERAÇÃO"&" por ser a mais adequada ao Tomador "&G3&".",IF([2]Plan4!B26=2,"SEM DESONERAÇÃO","")&" por ser a mais adequada ao Tomador "&G3&".") -> DECLARO que, de acordo com a legislação tributária do município de Alvorada/RS, considerando a natureza da obra acima discriminada, para cálculo do valor de ISS a ser cobrado da empresa construtora, é aplicada a aliquota de 4% sobre o valor total da obra. DECLARO que o percentual de encargos sociais utilizados no valor da mão-de-obra do orçamento são os encargos sociais praticados pelo SINAPI e/ou SICRO. DECLARO que o orçamento da obra foi verificado com os custos nas duas possibilidades de CONTRIBUIÇÃO PREVIDENCIÁRIA e foi adotada a modalidade SEM DESONERAÇÃO por ser a mais adequada ao Tomador Município de Alvorada.
B30: =IF(OR(T34=FALSE,T35=FALSE,T37=FALSE,J41=FALSE),("Atenção - Não esqueça de preencher o(s) campo(s): -" & IF(T34=FALSE," Nº DA ART/RRT -","") & IF(T35=FALSE," DATA -","") & IF(T37=FALSE," IDENTIFICAÇÃO DO RESPONSÁVEL TÉCNICO -","") & IF(J41=FALSE," IDENTIFICAÇÃO DO TOMADOR -","") & ""),".") -> .
B31: Observações:
T34: =IF(LEN(J34)<4,FALSE,TRUE) -> TRUE
B35: Assinatura do Responsável Técnico pelo orçamento | J35: Nº ART ou RRT do orçamento | T35: =IF(LEN(J36)<4,FALSE,TRUE) -> TRUE
B36: Engenheira Civil Renata Lasta dos Santos CREA/RS 242070 | J36: 46002
B37: Título, Nome e CREA/CAU do Responsável Técnico pelo orçamento | J37: Data | T37: =IF(LEN(B36)<4,FALSE,TRUE) -> TRUE
B40: Assinatura do Responsável Tomador
B41: Prefeito Municipal Douglas Martello de Souza Silveira | J41: =IF(LEN(B41)<4,FALSE,TRUE) -> TRUE
B42: Cargo e Nome
